 Dungeon Crawl Stone Soup version 0.16-a0-296-gbdb9f68 (webtiles) character file.

135 Mindmaker the Ruinous (level 5, 0/31 HPs)
             Began as an Octopode Conjurer on Aug 29, 2014.
             Was an Initiate of Ashenzari.
             Succumbed to an adder's poison
             ... on Level 2 of the Dungeon.
             The game lasted 00:11:53 (2654 turns).

Mindmaker the Ruinous (Octopode Conjurer)           Turns: 2654, Time: 00:11:53

HP   0/31        AC  1     Str  8      XL: 5   Next: 18%
MP   0/9         EV 12     Int 18      God: Ashenzari [......]
Gold 103         SH  0     Dex 12      Spells:  3 memorised,  2 levels left

rFire  . . .     SeeInvis .     e - +0 dagger
rCold  . . .     Clarity  .     (no shield)
rNeg   . . .     rCorr    .     (helmet restricted)
rPois  .         rRot     .     (no amulet)
rElec  .         Spirit   .     (no ring)
SustAb .         Warding  .     (no ring)
rMut   .         Stasis   .     (no ring)
Gourm  .                        (no ring)
MR     .....                    (no ring)
                                (no ring)
                                (no ring)
                                (no ring)

@: lethally poisoned, not resistant to hostile enchantments, fairly stealthy
A: almost no armour, amphibious, 8 rings, constrict 8, camouflage 1, gelatinous
body 1
a: Renounce Religion


You were on level 2 of the Dungeon.
You worshipped Ashenzari.
Ashenzari was noncommittal.
You were hungry.

You visited 1 branch of the dungeon, and saw 3 of its levels.

You collected 103 gold pieces.

Inventory:

Hand weapons
 e - a +0 dagger (weapon)
Comestibles
 a - a chunk of jackal flesh
 b - 3 bread rations
 f - a meat ration
Scrolls
 h - a scroll of amnesia
Potions
 j - 3 potions of brilliance
Books
 c - a book of Conjurations

   Spells                             Type                      Level
   *Magic Dart                        Conjuration                  1
   *Searing Ray                       Conjuration                  2
   *Dazzling Spray                    Conjuration/Hexes            3
   Fulminant Prism                    Conjuration/Hexes            4
   Iskenderun's Mystic Blast          Conjuration                  4
   Iskenderun's Battlesphere          Conjuration/Charms           5


   Skills:
 - Level 2.0 Dodging
 - Level 2.6 Stealth
 - Level 2.0 Spellcasting
 + Level 6.3 Conjurations


You had 2 spell levels left.
You knew the following spells:

 Your Spells              Type           Power        Failure   Level  Hunger
a - Magic Dart            Conj           ###.         1%          1    #......
b - Searing Ray           Conj           ###...       1%          2    ##.....
c - Dazzling Spray        Conj/Hex       ##......     17%         3    ####...


Dungeon Overview and Level Annotations

Branches:
Dungeon (3/15)

Altars:
Ashenzari


Innate Abilities, Weirdness & Mutations

You cannot wear most types of armour.
You are amphibious.
You can wear up to eight rings at the same time.
You can use your tentacles to constrict many enemies at once.
Your skin changes colour to match your surroundings (Stealth).
Your rubbery body absorbs attacks (AC +1).


Message History

Confirm with . or Enter, or press ? or * to list all spells.
Aiming: Searing Ray
Press: ? - help, Shift-Dir - straight line, f - adder
Aim: an adder The searing ray misses the adder.
The searing ray hits the kobold.
The kobold is severely wounded.
You are feeling hungry.
You feel sick. The adder bites you.
* * * LOW HITPOINT WARNING * * *
You are lethally poisoned!
The adder poisons you!
Drink which item? (? for menu, Esc to quit)
Okay, then.
The searing ray misses the adder.
The searing ray hits the kobold.
You kill the kobold!
The adder bites you.
* * * LOW HITPOINT WARNING * * *
The adder closely misses you.
Without enough magic to sustain it, your searing ray dissipates.
You die...

############ #..........#
############ #.########.#
...........# #.#@# #.#
########...###.#S# #.#
########.....#.#)# #.#
................>######.#########
##########.#.#.#.........[.......
##########.#.#.#.######.#########
...........#.....# #.##.......
#########......#.# #.##.#####.
#########..#####.# #.##.#####.


You could see an adder.

Vanquished Creatures
  7 adders
  A worm (D:2)
  An ooze (D:2)
  5 giant cockroaches
  4 hobgoblins
  9 kobolds
  2 quokkas (D:2)
  4 bats
  3 giant geckos
  2 giant newts (D:2)
  6 goblins
  15 jackals
  4 rats
63 creatures vanquished.

Notes
Turn   | Place    | Note
--------------------------------------------------------------
     0 | D:1      | Mindmaker, the Octopode Conjurer, began the quest for the Orb.
     0 | D:1      | Reached XP level 1. HP: 11/11 MP: 3/3
   187 | D:1      | Reached XP level 2. HP: 13/17 MP: 1/4
   485 | D:1      | Learned a level 2 spell: Searing Ray
   967 | D:2      | Reached XP level 3. HP: 19/21 MP: 6/6
  1067 | D:2      | Reached skill level 5 in Conjurations
  1278 | D:2      | Reached XP level 4. HP: 27/27 MP: 2/7
  1455 | D:2      | Found a shattered altar of Ashenzari.
  1462 | D:2      | Became a worshipper of Ashenzari the Shackled
  1732 | D:2      | Reached skill level 6 in Conjurations
  2261 | D:3      | Reached XP level 5. HP: 31/31 MP: 9/9
  2322 | D:3      | Learned a level 3 spell: Dazzling Spray
  2653 | D:2      | HP: 1/31 [adder (1)]
  2654 | D:2      | Succumbed to an adder's poison

Action                   |  1- 3 |  4- 6 || total
-------------------------+-------+-------++-------
Melee: Unarmed           |     4 |       ||     4
       Club              |     3 |       ||     3
       Dagger            |    27 |    40 ||    67
 Cast: Magic Dart        |    32 |    31 ||    63
       Searing Ray       |       |     5 ||     5
  Use: Potion            |       |     1 ||     1
       Scroll            |       |     4 ||     4
 Stab: Sleeping          |     5 |     1 ||     6
       Distracted        |       |     1 ||     1
  Eat: Chunk             |     1 |     5 ||     6
